 Dungeon Crawl Stone Soup version 0.30-a0-1075-gcd70e7a56d (webtiles) character file.

Game seed: 9510004136068170231

80 NateTC the Slasher (level 4, 0/40 HPs)
             Began as a Minotaur Berserker on Apr 14, 2023.
             Was a Believer of Trog.
             Slain by a black bear (2 damage)
             ... on level 3 of the Dungeon.
             The game lasted 00:01:43 (1644 turns).

NateTC the Slasher (Minotaur Berserker)             Turns: 1644, Time: 00:01:43

Health: 0/40       AC:  6    Str: 24    XL:     4   Next: 18%
Magic:  3/3        EV: 11    Int:  4    God:    Trog [**....]
Gold:   164        SH:  0    Dex:  9    Spells: 3/3 levels left

rFire   . . .      SeeInvis .    a - +0 falchion
rCold   . . .      Faith    .    (no shield)
rNeg    . . .      Spirit   .    k - +0 ring mail
rPois   .          Reflect  .    (helmet restricted)
rElec   .          Rampage  .    (no cloak)
rCorr   .                        (no gloves)
Will    .....                    d - +0 pair of boots Stlth
                                 (no amulet)
HPRegen 0.26/turn                (no ring)
MPRegen 0.08/turn                (no ring)

@: no status effects
A: horns 2, retaliatory headbutt
a: Renounce Religion, Berserk, Trog's Hand


You were on level 3 of the Dungeon.
You worshipped Trog.
Trog was pleased with you.
You visited 1 branch of the dungeon, and saw 3 of its levels.

You collected 164 gold pieces.

Inventory:

Hand Weapons
 a - a +0 falchion (weapon)
Armour
 b - a +1 animal skin
 d - a +0 pair of boots (worn)
 k - a +0 ring mail (worn)
Jewellery
 g - an amulet of magic regeneration
Scrolls
 e - a scroll of noise
 h - a scroll of fear
 l - 4 scrolls of identify {unknown}
Potions
 c - a potion of might {unknown}
 f - a potion of degeneration {unknown}
 i - a potion of curing {unknown}
 j - 2 potions of mutation {unknown}
 m - a potion of haste {unknown}


   Skills:
 + Level 4.3 Fighting
 + Level 4.6 Long Blades
 + Level 2.9 Armour
 + Level 3.2 Dodging


You had 3 spell levels left.
You didn't know any spells.
Your spell library was empty.

Dungeon Overview and Level Annotations

Branches:
Dungeon (3/15) Zot: 16339

Altars:
Wu Jian


Innate Abilities, Weirdness & Mutations

You have a pair of horns on your head.
You reflexively headbutt those who attack you in melee.


Message History

The black bear claws you but does no damage.
The black bear closely misses you.
A black bear is nearby!
You hit the black bear. You headbutt the black bear!
The black bear is severely wounded.
The black bear goes berserk!
A black bear is nearby!
You hit the black bear but do no damage.
You headbutt the black bear.
The black bear is almost dead.
The black bear bites you! The black bear claws you.
The black bear claws you but does no damage.
A black bear is nearby!
You barely miss the black bear.
The black bear is almost dead.
The black bear bites you!
The black bear claws you but does no damage.
The black bear barely misses you.
The black bear bites you but does no damage.
The black bear claws you but does no damage.
The black bear claws you.
A black bear is nearby!
You are too injured to fight recklessly!
A black bear is nearby!
You are too injured to fight recklessly!
A black bear is nearby!
You are too injured to fight recklessly!
You hit the black bear.
You headbutt the black bear, but do no damage.
The black bear is almost dead.
The black bear bites you!
* * * LOW HITPOINT WARNING * * *
The black bear claws you but does no damage.
The black bear closely misses you.
You hit the black bear but do no damage.
The black bear is almost dead.
The black bear bites you.
* * * LOW HITPOINT WARNING * * *
The black bear claws you.
You die...

###.........# ####..<......#
#.......# .............#
#.......# .............#
#.......# #...##.......#
#.......# 8...8#.......#
#.......# #...##.......#
#.......# #...##.......#
#h......#
#...##.......###@......#
8...8####..............# #...##
#.######.#######
#...#####.#..>.#.#
#...##.......#.#.# ##
8...8#.##.####.#.###############.
#...## ..........................
##⌠###...........................
### #........................†.#


You could see a black bear (berserk).

Vanquished Creatures
  A gnoll (D:1)
  2 adders
  2 worms
  4 dart slugs
  4 bats
  2 endoplasms (D:1)
  4 giant cockroaches
  2 goblins
  A hobgoblin (D:2)
  4 kobolds
  2 quokkas
  4 ball pythons
  5 frilled lizards
  5 rats
42 creatures vanquished.

Notes
Turn   | Place    | Note
-------+----------+-------------------------------------------
     0 | D:1      | NateTC the Minotaur Berserker began the quest for the Orb.
     0 | D:1      | Reached XP level 1. HP: 19/19 MP: 0/0
    67 | D:1      | Reached XP level 2. HP: 3/27 MP: 1/1
   599 | D:1      | Reached ** piety under Trog
   600 | D:1      | Reached XP level 3. HP: 24/33 MP: 2/2
  1448 | D:3      | Reached XP level 4. HP: 31/40 MP: 3/3
  1487 | D:3      | Found an ornate altar of the Wu Jian Council.
  1636 | D:3      | Noticed a black bear
  1644 | D:3      | HP: 2/40 [black bear (5)]
  1644 | D:3      | Slain by a black bear

Illustrated notes

Levels and vault maps discovered:
D:1:      erik_arrival_orb_chamber, layout_basic, minmay_tromino_v2
D:2:      layout_basic, serial_bayou_ford_a
D:3:      layout_basic, mainiacjoe_overflow_catwalk,
          mainiacjoe_overflow_alcove_4, lightli_sewer_entry_pipes,
          serial_corexii_hall, corexii_hall_statues_s, corexii_hall_statues_x,
          corexii_hall_statues_u, chequers_hall_statues_wall_a,
          corexii_hall_statues_deadend, corexii_hall_statues_s

Skill      XL: |  1  2  3 |
---------------+----------+-----
Long Blades    | 4 |  4.6
Fighting       | 4 |  4.3
Dodging        | 3 |  3.2
Armour         | |  2.9

Action                     |  1- 3 |  4- 6 || total
---------------------------+-------+-------++-------
  Melee: Falchion          |    88 |    24 ||   112
         Headbutt          |    14 |     6 ||    20
    Use: Scroll            |     3 |       ||     3
 Armour: Animal skin       |    15 |       ||    15
         Ring mail         |    11 |    10 ||    21
  Dodge: Dodged            |    60 |    15 ||    75

Table legend: (Time is in decaauts)
 A = Elapsed time spent in this place.
 B = Non-inter-level travel time spent in this place.
 C = Inter-level travel time spent in this place.
 D = Time resting spent in this place.
 E = Time spent auto-exploring this place.
 F = Levels seen in this place.
 G = Mean time per level.
                   A        B        C        D        E       F      G
               +--------+--------+--------+--------+--------+-----+--------+
         Total |   1659 |   1565 |     94 |     98 |   1172 |   3 |  553.0 |
       Dungeon |   1659 |   1565 |     94 |     98 |   1172 |   3 |  553.0 |
               +--------+--------+--------+--------+--------+-----+--------+

Top non-repeatable levels by time:
     D:1: 833 daAuts
     D:2: 608 daAuts
     D:3: 217 daAuts
